[Event "Team 45 45 League T96"]
[Site "Internet Chess Club"]
[Date "2023.05.18"]
[Round "2"]
[White "thundercat1"]
[Black "tasawyer81"]
[Result "0-1"]
[WhiteElo "1003"]
[BlackElo "861"]
[Opening "Queen's pawn game"]
[ECO "D00"]
[Time "20:00:13"]
[PlyCount "48"]
[TimeControl "2700+45"]

1. d4 d5 2. g3 Nf6 3. Bg2 Bf5 4. Nf3 e6 5. Ne5 Nbd7 6. Bf4 Nxe5 7. Bxe5 Bd6 8.
Bxf6 Qxf6 9. O-O O-O 10. e3 e5 11. c3 exd4 12. cxd4 Rfe8 13. Nd2 Rac8 14. Bxd5
c5 15. Bxb7 Rb8 16. Bf3 cxd4 17. e4 Bh3 18. Re1 Rxb2 19. Qa4 Reb8 20. Qd1 Rxd2
21. e5 Bxe5 22. Rxe5 Rxd1+ 23. Rxd1 Qxf3 24. Re8+ Rxe8 {White resigns} 0-1

[Event "Team 45 45 League T96"]
[Site "Internet Chess Club"]
[Date "2023.05.18"]
[Round "2"]
[White "Kingofknights"]
[Black "Rookmaster"]
[Result "1-0"]
[WhiteElo "1583"]
[BlackElo "1601"]
[Opening "QGD: Chigorin defense"]
[ECO "D07"]
[Time "18:30:32"]
[PlyCount "55"]
[TimeControl "2700+45"]

1. d4 d5 2. c4 Nc6 3. e3 Bg4 4. Qxg4 Nf6 5. Qd1 e5 6. cxd5 Bb4+ 7. Bd2 Qxd5 8.
Bxb4 O-O-O 9. Bc3 Rhe8 10. Qf3 e4 11. Qh3+ Kb8 12. Nd2 b5 13. a3 Nd7 14. Be2 f5
15. Bd1 Nb6 16. Bb3 Nc4 17. Nxc4 bxc4 18. Ba4 f4 19. Ne2 f3 20. Nf4 fxg2 21.
Qxg2 Qd6 22. O-O-O Rg8 23. Bxc6 Qxc6 24. Rd2 g5 25. Ne2 Qd5 26. Ng3 Rde8 27. Qh3
Qf7 28. Qf5 {Black resigns} 1-0

[Event "Team 45 45 League T96"]
[Site "Internet Chess Club"]
[Date "2023.05.19"]
[Round "2"]
[White "trogers41"]
[Black "DaveTheRook"]
[Result "1/2-1/2"]
[WhiteElo "1365"]
[BlackElo "1409"]
[Opening "Sicilian: Najdorf, Opocensky variation"]
[ECO "B92"]
[Time "18:30:11"]
[PlyCount "35"]
[TimeControl "2700+45"]

1. e4 c5 2. Nf3 d6 3. d4 cxd4 4. Nxd4 Nf6 5. Nc3 a6 6. Be2 e5 7. Nb3 Be7 8. O-O
O-O 9. Be3 Be6 10. f3 Nbd7 11. Qd2 Rc8 12. Rad1 Qc7 13. f4 Bc4 14. f5 Bxe2 15.
Qxe2 b5 16. a3 Qc6 17. Na5 Qc7 18. Nb3 {Game drawn by mutual agreement} 1/2-1/2

[Event "Team 45 45 League T96"]
[Site "Internet Chess Club"]
[Date "2023.05.19"]
[Round "2"]
[White "rjhoro"]
[Black "Fulmar"]
[Result "0-1"]
[WhiteElo "1172"]
[BlackElo "1238"]
[Opening "Queen's pawn game"]
[ECO "A46"]
[Time "18:41:10"]
[PlyCount "94"]
[TimeControl "2700+45"]

1. d4 Nf6 2. Nf3 d6 3. c4 c6 4. Nc3 Nbd7 5. Bg5 Qc7 6. e3 e5 7. d5 Be7 8. e4 O-O
9. Rc1 h6 10. Be3 Ng4 11. Bd2 Ndf6 12. Be2 Qb6 13. O-O Nxf2 14. Rxf2 Ng4 15. Qe1
Qxf2+ 16. Qxf2 Nxf2 17. Kxf2 f5 18. Be3 g5 19. Kg1 fxe4 20. Nxe4 Bf5 21. Ng3 Bg6
22. c5 cxd5 23. cxd6 Bxd6 24. Kf2 e4 25. Bc5 exf3 26. gxf3 Bxg3+ 27. hxg3 Rfc8
28. Be3 Rxc1 29. Bxc1 d4 30. Bd2 d3 31. Bf1 Re8 32. b3 b6 33. Be3 Kf7 34. Bh3
Ke7 35. Ke1 Rd8 36. Kd2 Kf6 37. Bf1 Ke5 38. Bf2 Rd6 39. g4 Kf4 40. Bg2 Re6 41.
Bf1 Kxf3 42. Bxd3 Bxd3 43. Kxd3 Kxf2 44. a4 Rc6 45. b4 a6 46. b5 axb5 47. axb5
Rc5 {White resigns} 0-1

[Event "Team 45 45 League T96"]
[Site "Internet Chess Club"]
[Date "2023.05.21"]
[Round "2"]
[White "Reykjaviking"]
[Black "kabubi"]
[Result "0-1"]
[WhiteElo "1309"]
[BlackElo "1182"]
[Opening "Queen's pawn: London system"]
[ECO "A45"]
[Time "21:00:14"]
[PlyCount "38"]
[TimeControl "2700+45"]

1. d4 Nf6 2. Bf4 g6 3. e3 d6 4. Be2 e5 5. Bg5 Bg7 6. Nc3 O-O 7. e4 exd4 8. Nd5
c6 9. Nf4 Qa5+ 10. Kf1 Qxg5 11. g3 Nxe4 12. h4 Qe5 13. Nf3 Qc5 14. h5 Bf5 15.
hxg6 fxg6 16. Nh4 g5 17. Nxf5 Qxf5 18. Bc4+ d5 19. Qh5 dxc4 {White resigns} 0-1

[Event "Team 45 45 League T96"]
[Site "Internet Chess Club"]
[Date "2023.05.21"]
[Round "2"]
[White "ChessG2011"]
[Black "jjmolina1"]
[Result "1/2-1/2"]
[WhiteElo "1452"]
[BlackElo "1566"]
[Opening "Giuoco Piano"]
[ECO "C50"]
[Time "12:00:13"]
[PlyCount "53"]
[TimeControl "2700+45"]

1. e4 e5 2. Nf3 Nc6 3. Bc4 Bc5 4. O-O Nf6 5. d3 h6 6. Nc3 d6 7. h3 O-O 8. Na4
Bb6 9. Nxb6 axb6 10. Nh2 Na5 11. Bb3 Nxb3 12. cxb3 d5 13. Qf3 dxe4 14. dxe4 Be6
15. Qe2 Bxb3 16. Bxh6 Rxa2 17. Rxa2 Bxa2 18. Bg5 Qd6 19. Qf3 Bc4 20. Rc1 Qd3 21.
Bxf6 gxf6 22. Qxf6 Qxe4 23. Qg5+ Kh8 24. Qh6+ Kg8 25. Qg5+ Kh8 26. Qh6+ Kg8 27.
Qg5+ {Game drawn by repetition} 1/2-1/2

[Event "Team 45 45 League T96"]
[Site "Internet Chess Club"]
[Date "2023.05.22"]
[Round "2"]
[White "kabindra"]
[Black "Denis240964"]
[Result "1-0"]
[WhiteElo "1636"]
[BlackElo "1294"]
[Opening "Giuoco Piano"]
[ECO "C50"]
[Time "14:00:19"]
[PlyCount "65"]
[TimeControl "2700+45"]

1. e4 e5 2. Bc4 Bc5 3. Nf3 Nc6 4. O-O Nf6 5. d4 Bxd4 6. Nxd4 Nxd4 7. f4 d6 8. f5
b5 9. Bd3 a6 10. c3 Nc6 11. Qe1 O-O 12. Qg3 Nh5 13. Qh3 g6 14. Be2 Nf6 15. Bg5
Kg7 16. Qh6+ Kg8 17. fxg6 fxg6 18. Qh4 Kg7 19. Bh6+ Kg8 20. Bxf8 Qxf8 21. Rxf6
Qg7 22. Nd2 Bd7 23. Raf1 Re8 24. Rf7 Qxf7 25. Rxf7 Kxf7 26. Qxh7+ Kf8 27. Qxd7
Ne7 28. Qxc7 Kf7 29. Qxd6 Nc8 30. Qxa6 Rd8 31. Nf3 Re8 32. Bxb5 Rd8 33. Nxe5+
{Black resigns} 1-0

[Event "Team 45 45 League T96"]
[Site "Internet Chess Club"]
[Date "2023.05.22"]
[Round "2"]
[White "tamky70"]
[Black "Constrictor"]
[Result "1/2-1/2"]
[WhiteElo "1320"]
[BlackElo "1434"]
[Opening "Queen's pawn"]
[ECO "A40"]
[Time "19:00:26"]
[PlyCount "107"]
[TimeControl "2700+45"]

1. d4 c6 2. Nf3 d5 3. c3 Nf6 4. Nbd2 Bg4 5. e3 e6 6. Be2 Bd6 7. Ne5 Bxe2 8. Qxe2
Nbd7 9. Ndf3 Qc7 10. O-O Nxe5 11. dxe5 Bxe5 12. Nxe5 Qxe5 13. Qf3 O-O-O 14. Qg3
Qxg3 15. hxg3 h5 16. f3 Rdf8 17. b3 h4 18. Ba3 Rfg8 19. g4 g6 20. Kf2 g5 21. Be7
Nd7 22. Bd6 f5 23. gxf5 exf5 24. Bh2 g4 25. fxg4 fxg4 26. Bf4 Rf8 27. Kg1 Rf7
28. Bd6 Rhh7 29. Rxf7 Rxf7 30. Rf1 Rxf1+ 31. Kxf1 Kd8 32. Bf4 h3 33. gxh3 gxh3
34. Kg1 Nc5 35. Kh2 Ne4 36. Kxh3 Nxc3 37. a4 Ne2 38. Bd6 Nc1 39. b4 Kd7 40. Bf8
Ke6 41. Kg3 Kf5 42. Kf3 Nd3 43. Ke2 Nb2 44. a5 Ke4 45. Bc5 Nc4 46. Bxa7 Na3 47.
Bc5 Nb5 48. Kd2 Na3 49. Ke2 Nb5 50. Kd2 d4 51. exd4 Nxd4 52. Kc3 Nb5+ 53. Kb3
Kd5 54. Bf8 {Game drawn by mutual agreement} 1/2-1/2

[Event "Team 45 45 League T96"]
[Site "Internet Chess Club"]
[Date "2023.05.22"]
[Round "2"]
[White "WzeroMN"]
[Black "Visin"]
[Result "0-1"]
[WhiteElo "940"]
[BlackElo "1267"]
[Opening "Ruy Lopez: Anderssen variation"]
[ECO "C77"]
[Time "14:00:25"]
[PlyCount "36"]
[TimeControl "2700+45"]

1. e4 e5 2. Nf3 Nc6 3. Bb5 a6 4. Ba4 Nf6 5. d3 d6 6. O-O Be7 7. c4 Bg4 8. h3 Bh5
9. Bxc6+ bxc6 10. Bg5 O-O 11. Nbd2 h6 12. Be3 c5 13. Qc2 a5 14. a4 Nh7 15. Rab1
f5 16. g3 f4 17. gxf4 exf4 18. Bxf4 Rxf4 {White resigns} 0-1

[Event "Team 45 45 League T96"]
[Site "Internet Chess Club"]
[Date "2023.05.18"]
[Round "2"]
[White "BlueStorm"]
[Black "mongmong"]
[Result "0-1"]
[WhiteElo "1513"]
[BlackElo "1512"]
[Opening "Queen's pawn"]
[ECO "A40"]
[Time "11:08:20"]
[PlyCount "124"]
[TimeControl "2700+45"]

1. d4 e6 2. Bf4 Nf6 3. e3 c5 4. c3 b6 5. Nd2 Bb7 6. Ngf3 cxd4 7. exd4 Be7 8. Bd3
O-O 9. O-O d6 10. Re1 Nbd7 11. Qe2 Re8 12. Rad1 a6 13. h3 b5 14. Ne4 Nxe4 15.
Bxe4 Bxe4 16. Qxe4 Nb6 17. Re2 Rc8 18. Qd3 Qc7 19. Rc2 Nd5 20. Bd2 Nb4 21. cxb4
Qxc2 22. Qxc2 Rxc2 23. Bc3 Rc8 24. Kf1 R2xc3 25. bxc3 Rxc3 26. Rd2 h6 27. Ne1 d5
28. Rc2 Rc4 29. Rxc4 dxc4 30. a3 Bd6 31. Ke2 Bc7 32. Nc2 Kf8 33. Kf3 Ke7 34. Ke4
Kd6 35. g4 g6 36. Ne3 f5+ 37. Kf3 a5 38. Nc2 Bb6 39. Ke2 e5 40. dxe5+ Kxe5 41.
Kf3 axb4 42. axb4 fxg4+ 43. hxg4 h5 44. gxh5 gxh5 45. Kg2 Bd4 46. f4+ Kd5 47.
Kf3 Bf6 48. Na3 c3 49. Ke3 h4 50. Kf3 Kc6 51. Nc2 Be7 52. f5 Kd5 53. Kg4 Ke4 54.
Ne1 Bxb4 55. f6 Bf8 56. Kxh4 b4 57. f7 b3 58. Kh5 b2 59. Kg6 b1=Q 60. Kh7 Qxe1
61. Kg8 Bb4 62. f8=Q Bxf8 {White resigns} 0-1

[Event "Team 45 45 League T96"]
[Site "Internet Chess Club"]
[Date "2023.05.19"]
[Round "2"]
[White "tightfist"]
[Black "BrerRabbit"]
[Result "0-1"]
[WhiteElo "1361"]
[BlackElo "1363"]
[Opening "Queen's pawn game"]
[ECO "D04"]
[Time "19:03:04"]
[PlyCount "122"]
[TimeControl "2700+45"]

1. Nf3 d5 2. d4 Nf6 3. e3 c5 4. Be2 cxd4 5. exd4 Nc6 6. O-O e6 7. c3 Bd6 8. Bg5
O-O 9. Nbd2 Be7 10. Re1 h6 11. Bf4 Bd6 12. Ne5 Qc7 13. Bf3 b6 14. Bg3 a5 15.
Nxc6 Bxg3 16. Ne5 Bxe5 17. Rxe5 Ba6 18. Nf1 Rac8 19. Ng3 Rfe8 20. Qd2 b5 21. Be2
Qb6 22. Rb1 Rb8 23. h3 Rec8 24. Bd3 b4 25. Bxa6 Qxa6 26. Rc1 bxc3 27. Rxc3 Rxc3
28. Qxc3 Qb6 29. b3 a4 30. Re3 axb3 31. Qxb3 Qa7 32. Qc2 Qxd4 33. Rd3 Qe5 34.
Rb3 Rxb3 35. axb3 Qe1+ 36. Kh2 Qb4 37. Kg1 Qe1+ 38. Kh2 Qb4 39. Kg1 g6 40. Kh2
Ne4 41. Nxe4 Qxe4 42. Qxe4 dxe4 43. Kg3 e5 44. Kg4 f5+ 45. Kg3 Kf7 46. f4 exf4+
47. Kxf4 Ke6 48. h4 Kd5 49. Ke3 Kc5 50. g3 h5 51. b4+ Kxb4 52. Kd4 Kb3 53. Ke3
Kc3 54. Ke2 Kd4 55. Kd2 e3+ 56. Ke1 Kd3 57. Kd1 e2+ 58. Ke1 Ke3 59. g4 Kf3 60.
gxf5 gxf5 61. Kd2 Kf2 {White resigns} 0-1

[Event "Team 45 45 League T96"]
[Site "Internet Chess Club"]
[Date "2023.05.19"]
[Round "2"]
[White "smsxman"]
[Black "Toalla"]
[Result "1-0"]
[WhiteElo "1456"]
[BlackElo "1084"]
[Opening "Alekhine's defense"]
[ECO "B02"]
[Time "21:00:17"]
[PlyCount "69"]
[TimeControl "2700+45"]

1. e4 Nf6 2. Nc3 e6 3. Nf3 Bc5 4. d4 Bb4 5. Bd2 Bxc3 6. Bxc3 d5 7. exd5 Nxd5 8.
Bd2 O-O 9. Bc4 c6 10. O-O Re8 11. Ne5 b5 12. Bd3 Nf6 13. c3 a6 14. Qf3 Bb7 15.
Bg5 h6 16. Be3 Qe7 17. Qg3 Nh5 18. Qf3 Nf6 19. Be4 Rd8 20. Rad1 Nxe4 21. Qxe4
Qf6 22. Qg4 Kh7 23. Qe4+ Kg8 24. f4 Qf5 25. Qf3 Re8 26. c4 bxc4 27. Nxc4 Rd8 28.
Ne5 Rd5 29. h3 Rxe5 30. fxe5 Qxf3 31. Rxf3 g5 32. Rg3 Kh7 33. Rf1 Kg6 34. h4 Kg7
35. hxg5 {Black resigns} 1-0

[Event "Team 45 45 League T96"]
[Site "Internet Chess Club"]
[Date "2023.05.21"]
[Round "2"]
[White "NATYNL09"]
[Black "stantheman59"]
[Result "1-0"]
[WhiteElo "1116"]
[BlackElo "1127"]
[Opening "Giuoco Pianissimo"]
[ECO "C50"]
[Time "16:00:24"]
[PlyCount "69"]
[TimeControl "2700+45"]

1. e4 e5 2. Nf3 Nc6 3. Bc4 Bc5 4. d3 Nf6 5. Be3 Bxe3 6. fxe3 d6 7. h3 Qe7 8. Nc3
Be6 9. Bb3 h6 10. O-O a6 11. Nd5 Nxd5 12. exd5 Bd7 13. dxc6 Bxc6 14. Re1 O-O-O
15. e4 g5 16. Nd2 Rdf8 17. Rf1 Bd7 18. Qh5 Be8 19. Qg4+ Bd7 20. Qf3 Rh7 21. c3
b5 22. d4 exd4 23. cxd4 h5 24. e5 Kb8 25. Qe4 f5 26. Qc2 dxe5 27. dxe5 Qxe5 28.
Rac1 c6 29. Rce1 Qc7 30. Be6 Re7 31. Bxd7 Rxe1 32. Rxe1 Qxd7 33. Qc5 Qd8 34. Re7
Kc8 35. Qxc6+ {Black resigns} 1-0

[Event "Team 45 45 League T96"]
[Site "Internet Chess Club"]
[Date "2023.05.20"]
[Round "2"]
[White "burlap"]
[Black "manfredo"]
[Result "0-1"]
[WhiteElo "1302"]
[BlackElo "1539"]
[Opening "Queen's pawn: London system"]
[ECO "A45"]
[Time "19:30:26"]
[PlyCount "74"]
[TimeControl "2700+45"]

1. d4 Nf6 2. Bf4 g6 3. Nd2 Bg7 4. e3 O-O 5. Be2 d6 6. Ngf3 c5 7. c3 Be6 8. h3
Nc6 9. O-O Qb6 10. Qc2 cxd4 11. exd4 Rac8 12. Rfe1 Nb4 13. Qc1 Nc6 14. Nc4 Bxc4
15. Bxc4 d5 16. Bd3 Rfe8 17. Qc2 Nd7 18. Ne5 Ndxe5 19. dxe5 Nb4 20. Qd2 Nxd3 21.
Qxd3 e6 22. Qc2 Rc4 23. Bg3 Rec8 24. Qb3 Qc7 25. Rac1 d4 26. Re4 Qc6 27. f3 Bh6
28. Rc2 d3 29. Rf2 Rxe4 30. fxe4 Be3 31. Kf1 Bxf2 32. Bxf2 Qxe4 33. Qd1 Rd8 34.
Be1 Qf4+ 35. Bf2 Qxe5 36. Be1 Qb5 37. b3 d2+ {White resigns} 0-1

[Event "Team 45 45 League T96"]
[Site "Internet Chess Club"]
[Date "2023.05.20"]
[Round "2"]
[White "Pawnchain"]
[Black "isolani"]
[Result "0-1"]
[WhiteElo "1542"]
[BlackElo "1450"]
[Opening "Pirc: Ufimtsev-Pytel variation"]
[ECO "B07"]
[Time "08:00:24"]
[PlyCount "30"]
[TimeControl "2700+45"]

1. e4 d6 2. d4 Nf6 3. Nc3 c6 4. Bd2 e5 5. dxe5 dxe5 6. h3 Be7 7. Nf3 Nbd7 8. Bc4
O-O 9. O-O b5 10. Bb3 b4 11. Ne2 Nxe4 12. Ng3 Nxg3 13. fxg3 e4 14. Nd4 Nf6 15.
Nxc6 Qb6+ {White resigns} 0-1

[Event "Team 45 45 League T96"]
[Site "Internet Chess Club"]
[Date "2023.05.17"]
[Round "2"]
[White "Balderdash"]
[Black "alexgame"]
[Result "1-0"]
[WhiteElo "1220"]
[BlackElo "1244"]
[Opening "English opening"]
[ECO "A10"]
[Time "17:02:06"]
[PlyCount "51"]
[TimeControl "2700+45"]

1. c4 b6 2. e4 c5 3. Nc3 d6 4. Nf3 Nf6 5. Bd3 e6 6. e5 dxe5 7. Be4 Nxe4 8. Nxe4
Bb7 9. Nc3 Nc6 10. d3 Qc7 11. Nb5 Qd7 12. O-O O-O-O 13. Re1 Qxd3 14. Qxd3 Rxd3
15. Nxe5 Rd8 16. Nxf7 Be7 17. Nxh8 Rxh8 18. Rxe6 Kd7 19. Re1 Bf6 20. Bf4 Nd4 21.
Rad1 a6 22. Nxd4 Bxd4 23. Be3 Re8 24. Bxd4 Rxe1+ 25. Rxe1 cxd4 26. Rd1 {Black
resigns} 1-0

[Event "Team 45 45 League T96"]
[Site "Internet Chess Club"]
[Date "2023.05.20"]
[Round "2"]
[White "Dwilkes"]
[Black "oldbookseller"]
[Result "1-0"]
[WhiteElo "1064"]
[BlackElo "870"]
[Opening "Philidor: Hanham variation"]
[ECO "C41"]
[Time "16:03:47"]
[PlyCount "39"]
[TimeControl "2700+45"]

1. e4 e5 2. Nf3 d6 3. d4 Nd7 4. Be2 g6 5. Nc3 Bg7 6. Be3 Ngf6 7. Qd2 Nb6 8. dxe5
Nfd7 9. exd6 O-O 10. O-O Ne5 11. Rad1 Nxf3+ 12. Bxf3 Be5 13. Bxb6 axb6 14. d7
Bxh2+ 15. Kxh2 Qh4+ 16. Kg1 Ra5 17. g3 Qh3 18. Bg2 Qg4 19. d8=Q Ra8 20. Qxf8+
{Black resigns} 1-0